TOP OF THE 1ST |
Durham Bulls batting - Pitching for Charlotte Knights : LHP Carlos Toledo
|
Pitching: LHP Carlos Toledo
|
|
Batting: RHB Alex Diaz
|
0-0: Called Strike 0-1: Foul Ball, location: 2F 0-2: Strikes out swinging
|
Batting: SHB Joey Pacheco
|
0-0: Ball 1-0: Called Strike 1-1: Ball 2-1: Ground out 6-3 (Groundball, 6S, EV 83.8 MPH)
|
Batting: RHB Danny Diaz
|
0-0: Ball 1-0: Ball 2-0: Called Strike 2-1: Foul Ball, location: 2F 2-2: Foul Ball, location: 2F 2-2: Strikes out swinging
|
Top of the 1st over - 0 runs, 0 hits, 0 errors, 0 left on base; Durham 0 - Charlotte 0 |
BOTTOM OF THE 1ST |
Charlotte Knights batting - Pitching for Durham Bulls : RHP Dave Navarro
|
Pitching: RHP Dave Navarro
|
|
Batting: LHB John Thurman
|
0-0: Ball 1-0: Fly out, F9 (Flyball, 9S, EV 91.9 MPH)
|
Batting: LHB Carlos Ramirez
|
0-0: Ball 1-0: Swinging Strike 1-1: Called Strike 1-2: Ball 2-2: Ball 3-2: Strikes out swinging
|
Batting: LHB Jason Bell
|
0-0: Swinging Strike 0-1: Ball 1-1: Fly out, F8 (Flyball, 78M, EV 95.0 MPH)
|
Bottom of the 1st over - 0 runs, 0 hits, 0 errors, 0 left on base; Durham 0 - Charlotte 0 |
TOP OF THE 2ND |
Durham Bulls batting - Pitching for Charlotte Knights : LHP Carlos Toledo
|
Batting: RHB Kevin Benfield
|
0-0: Foul Ball, location: 2F 0-1: Ground out 6-3 (Groundball, 6, EV 110.6 MPH)
|
Batting: RHB Jose Arriola
|
0-0: Swinging Strike 0-1: Ball 1-1: Swinging Strike 1-2: Ball 2-2: Foul Ball, location: 2F 2-2: Ball 3-2: Ground out 4-3 (Groundball, 4, EV 96.9 MPH)
|
Batting: RHB Sesto Carpini
|
0-0: Ball 1-0: Hit by Pitch
|
Batting: RHB Antonio Pacheco
|
0-0: Ground out 5-3 (Groundball, 5S, EV 91.2 MPH)
|
Top of the 2nd over - 0 runs, 0 hits, 0 errors, 1 left on base; Durham 0 - Charlotte 0 |
BOTTOM OF THE 2ND |
Charlotte Knights batting - Pitching for Durham Bulls : RHP Dave Navarro
|
Batting: RHB Fletcher Easter
|
0-0: Ball 1-0: Swinging Strike 1-1: Ball 2-1: DOUBLE (Line Drive, 9LS, EV 106.2 MPH)
|
Batting: LHB Ricardo Pagan
|
0-0: Ball 1-0: Called Strike 1-1: Ball 2-1: Ball 3-1: Foul Ball, location: 2F 3-2: Ground out 6-3 (Groundball, 6, EV 80.6 MPH)
|
Batting: RHB Micah Brown
|
0-0: Ball 1-0: Called Strike 1-1: Fly out, F4 (Popup, 4MD, EV 74.4 MPH)
|
Batting: RHB Jeremy Hoffert
|
0-0: Called Strike 0-1: Ball 1-1: Ball 2-1: Swinging Strike 2-2: Ball 3-2: Ground out 6-3 (Groundball, 6S, EV 90.0 MPH)
|
Bottom of the 2nd over - 0 runs, 1 hit, 0 errors, 1 left on base; Durham 0 - Charlotte 0 |
TOP OF THE 3RD |
Durham Bulls batting - Pitching for Charlotte Knights : LHP Carlos Toledo
|
Batting: LHB Davion Lewis
|
0-0: Ball 1-0: Ground out 5-3 (Groundball, 56, EV 86.9 MPH)
|
Batting: LHB Jake Rheaume
|
0-0: Ball 1-0: Ball 2-0: Called Strike 2-1: SINGLE (Groundball, 6MS, EV 81.9 MPH) (infield hit)
|
Batting: RHB Alex Diaz
|
0-0: Fly out, F8 (Flyball, 78M, EV 80.0 MPH)
|
Batting: SHB Joey Pacheco
|
0-0: Ball 1-0: Ball 2-0: Foul Ball, location: 2F 2-1: Ball 3-1: Base on Balls Jake Rheaume to second
|
Batting: RHB Danny Diaz
|
0-0: Ball 1-0: Swinging Strike 1-1: Foul Ball, location: 2F 1-2: Ball 2-2: Ball 3-2: Ground out 4-3 (Groundball, 4, EV 88.8 MPH)
|
Top of the 3rd over - 0 runs, 1 hit, 0 errors, 2 left on base; Durham 0 - Charlotte 0 |
BOTTOM OF THE 3RD |
Charlotte Knights batting - Pitching for Durham Bulls : RHP Dave Navarro
|
Batting: LHB Edgar Castillo
|
0-0: Ball 1-0: Called Strike 1-1: Ball 2-1: Ball 3-1: SINGLE (Groundball, 6MD, EV 103.8 MPH)
|
Batting: RHB Steve Waltenbery
|
0-0: Called Strike 0-1: Foul Ball, location: 2F 0-2: Ball 1-2: Foul Ball, location: 2F 1-2: DOUBLE (Line Drive, 9LD, EV 106.9 MPH) Edgar Castillo to third
|
Batting: LHB John Thurman
|
0-0: Ball 1-0: Called Strike 1-1: Ball 2-1: SINGLE (Groundball, 15S, EV 71.9 MPH) (infield hit)
|
Batting: LHB Carlos Ramirez
|
0-0: Ball 1-0: Ball 2-0: Called Strike 2-1: Foul Ball, location: 2F 2-2: Strikes out looking
|
Batting: LHB Jason Bell
|
0-0: Foul Ball, location: 2F 0-1: Called Strike 0-2: Ball 1-2: Strikes out looking
|
Batting: RHB Fletcher Easter
|
0-0: Ball 1-0: Foul Ball, location: 2F 1-1: Foul Ball, location: 2F 1-2: Foul Ball, location: 2F 1-2: Ball 2-2: Foul Ball, location: 2F 2-2: Ground out 3-1 (Groundball, 34S, EV 85.6 MPH)
|
Bottom of the 3rd over - 0 runs, 3 hits, 0 errors, 3 left on base; Durham 0 - Charlotte 0 |
TOP OF THE 4TH |
Durham Bulls batting - Pitching for Charlotte Knights : LHP Carlos Toledo
|
Batting: RHB Kevin Benfield
|
0-0: Called Strike 0-1: Ball 1-1: Ball 2-1: Ground out 4-3 (Groundball, 4, EV 101.9 MPH)
|
Batting: RHB Jose Arriola
|
0-0: Ball 1-0: Ground out 6-3 (Groundball, 6, EV 80.0 MPH)
|
Batting: RHB Sesto Carpini
|
0-0: Ball 1-0: Ball 2-0: DOUBLE (Groundball, 5L, EV 108.8 MPH)
|
Batting: RHB Antonio Pacheco
|
0-0: SINGLE (Flyball, 78S, EV 90.6 MPH) Sesto Carpini to third
|
Batting: LHB Davion Lewis
|
0-0: Ball 1-0: Ground out 5-3 (Groundball, 56S, EV 63.8 MPH)
|
Top of the 4th over - 0 runs, 2 hits, 0 errors, 2 left on base; Durham 0 - Charlotte 0 |
BOTTOM OF THE 4TH |
Charlotte Knights batting - Pitching for Durham Bulls : RHP Dave Navarro
|
Batting: LHB Ricardo Pagan
|
0-0: Foul Ball, location: 2F 0-1: Called Strike 0-2: Fly out, F6 (Line Drive, 6MD, EV 61.9 MPH)
|
Batting: RHB Micah Brown
|
0-0: Ball 1-0: Ball 2-0: Fly out, F9 (Line Drive, 9S, EV 88.1 MPH)
|
Batting: RHB Jeremy Hoffert
|
0-0: Ball 1-0: Ground out 4-3 (Groundball, 4M, EV 86.2 MPH)
|
Bottom of the 4th over - 0 runs, 0 hits, 0 errors, 0 left on base; Durham 0 - Charlotte 0 |
TOP OF THE 5TH |
Durham Bulls batting - Pitching for Charlotte Knights : LHP Carlos Toledo
|
Batting: LHB Jake Rheaume
|
0-0: Ball 1-0: Called Strike 1-1: Foul Ball, location: 2F 1-2: SINGLE (Groundball, P, EV 77.5 MPH) (infield hit)
|
Batting: RHB Alex Diaz
|
0-0: Foul Ball, location: 2F 0-1: Called Strike 0-2: Strikes out swinging
|
Batting: SHB Joey Pacheco
|
0-0: Ball 1-0: Called Strike 1-1: Fly out, F9 (Flyball, 89M, EV 90.6 MPH)
|
Batting: RHB Danny Diaz
|
0-0: Ball 1-0: Fielders Choice at 2nd, 6-4 (Groundball, 6, EV 90.0 MPH)
|
Top of the 5th over - 0 runs, 1 hit, 0 errors, 1 left on base; Durham 0 - Charlotte 0 |
BOTTOM OF THE 5TH |
Charlotte Knights batting - Pitching for Durham Bulls : RHP Dave Navarro
|
Batting: LHB Edgar Castillo
|
0-0: Ball 1-0: Foul Ball, location: 2F 1-1: Swinging Strike 1-2: SINGLE (Groundball, 56S, EV 66.9 MPH) (infield hit)
|
Batting: RHB Steve Waltenbery
|
0-0: Foul Ball, location: 2F 0-1: Called Strike 0-2: Strikes out looking
|
Batting: LHB John Thurman
|
0-0: Called Strike Edgar Castillo steals 2nd base 0-1: Ball 1-1: Ball 2-1: Foul Ball, location: 2F 2-2: Ball 3-2: Strikes out swinging
|
Batting: LHB Carlos Ramirez
|
0-0: Ball 1-0: Ball 2-0: Ground out 5-3 (Groundball, 5S, EV 93.8 MPH)
|
Bottom of the 5th over - 0 runs, 1 hit, 0 errors, 1 left on base; Durham 0 - Charlotte 0 |
TOP OF THE 6TH |
Durham Bulls batting - Pitching for Charlotte Knights : LHP Carlos Toledo
|
Batting: RHB Kevin Benfield
|
0-0: Ball 1-0: Foul Ball, location: 2F 1-1: Called Strike 1-2: Strikes out swinging
|
Batting: RHB Jose Arriola
|
0-0: Called Strike 0-1: Ball 1-1: Called Strike 1-2: Fly out, F8 (Line Drive, 8RM, EV 86.2 MPH)
|
Batting: RHB Sesto Carpini
|
0-0: Ball 1-0: Ball 2-0: Foul Ball, location: 2F 2-1: SINGLE (Line Drive, 5D, EV 109.4 MPH)
|
Batting: RHB Antonio Pacheco
|
0-0: Ball 1-0: Fly out, F9 (Flyball, 9D, EV 92.5 MPH)
|
Top of the 6th over - 0 runs, 1 hit, 0 errors, 1 left on base; Durham 0 - Charlotte 0 |
BOTTOM OF THE 6TH |
Charlotte Knights batting - Pitching for Durham Bulls : RHP Dave Navarro
|
Batting: LHB Jason Bell
|
0-0: Ball 1-0: Fly out, F8 (Flyball, 78S, EV 91.9 MPH)
|
Batting: RHB Fletcher Easter
|
0-0: Ball 1-0: Foul Ball, location: 2F 1-1: Called Strike 1-2: Ball 2-2: Ball 3-2: SOLO HOME RUN (Flyball, 7LD, EV 97.5 MPH), Distance : 352 ft
|
Batting: LHB Ricardo Pagan
|
0-0: SINGLE (Line Drive, 4D, EV 94.4 MPH)
|
Batting: RHB Micah Brown
|
0-0: Ball 1-0: Called Strike 1-1: Ball 2-1: Ball 3-1: Base on Balls Ricardo Pagan to second
|
Batting: RHB Jeremy Hoffert
|
0-0: Ball 1-0: SINGLE (Line Drive, 56D, EV 109.4 MPH) Ricardo Pagan to third Micah Brown to second Runner from 3rd tries for Home, SAFE, throw by LF to home
|
Batting: LHB Edgar Castillo
|
0-0: Ball 1-0: Foul Ball, location: 2F 1-1: Ball 2-1: Ball 3-1: Foul Ball, location: 2F 3-2: Base on Balls Micah Brown to third Jeremy Hoffert to second
|
Pitching: RHP Greg Spaulding
|
|
Batting: RHB Steve Waltenbery
|
0-0: Foul Ball, location: 2F 0-1: Foul Ball, location: 2F 0-2: Strikes out swinging
|
Batting: LHB John Thurman
|
0-0: Called Strike 0-1: Foul Ball, location: 2F 0-2: Foul Ball, location: 2F 0-2: Ball 1-2: Foul Ball, location: 2F 1-2: Fielders Choice at 2nd, 6-4 (Groundball, 6MD, EV 108.1 MPH)
|
Bottom of the 6th over - 2 runs, 3 hits, 0 errors, 3 left on base; Durham 0 - Charlotte 2 |
TOP OF THE 7TH |
Durham Bulls batting - Pitching for Charlotte Knights : LHP Carlos Toledo
|
Batting: LHB Davion Lewis
|
0-0: Called Strike 0-1: Fly out, F3 (Line Drive, 3, EV 70.6 MPH)
|
Batting: LHB Jake Rheaume
|
0-0: Called Strike 0-1: Ball 1-1: Ball 2-1: Ball 3-1: Ground out 6-3 (Groundball, 6, EV 103.8 MPH)
|
Batting: RHB Alex Diaz
|
0-0: Ball 1-0: Foul Ball, location: 2F 1-1: Ground out 5-3 (Groundball, 56S, EV 86.2 MPH)
|
Top of the 7th over - 0 runs, 0 hits, 0 errors, 0 left on base; Durham 0 - Charlotte 2 |
BOTTOM OF THE 7TH |
Charlotte Knights batting - Pitching for Durham Bulls : RHP Greg Spaulding
|
Batting: LHB Carlos Ramirez
|
0-0: Ball 1-0: Ground out 3-1 (Groundball, 34, EV 85.6 MPH)
|
Batting: LHB Jason Bell
|
0-0: Called Strike 0-1: Foul Ball, location: 2F 0-2: Strikes out swinging
|
Batting: RHB Fletcher Easter
|
0-0: Ball 1-0: Foul Ball, location: 2F 1-1: Ball 2-1: Foul Ball, location: 2F 2-2: Foul Ball, location: 2F 2-2: Ball 3-2: Base on Balls
|
Batting: LHB Ricardo Pagan
|
0-0: Called Strike 0-1: Called Strike 0-2: Ball Fletcher Easter is caught stealing 2nd base 2-6
|
Bottom of the 7th over - 0 runs, 0 hits, 0 errors, 0 left on base; Durham 0 - Charlotte 2 |
TOP OF THE 8TH |
Durham Bulls batting - Pitching for Charlotte Knights : LHP Carlos Toledo
|
Now at 1B: Ron Johansen
|
|
Batting: SHB Joey Pacheco
|
0-0: Foul Ball, location: 2F 0-1: Ball 1-1: Foul Ball, location: 2F 1-2: Strikes out swinging, 2-3 out at first.
|
Batting: RHB Danny Diaz
|
0-0: Ball 1-0: Swinging Strike 1-1: Fly out, F8 (Flyball, 78M, EV 96.9 MPH)
|
Batting: RHB Kevin Benfield
|
0-0: Called Strike 0-1: Ball 1-1: Foul Ball, location: 2F 1-2: Strikes out looking
|
Top of the 8th over - 0 runs, 0 hits, 0 errors, 0 left on base; Durham 0 - Charlotte 2 |
BOTTOM OF THE 8TH |
Charlotte Knights batting - Pitching for Durham Bulls : RHP Greg Spaulding
|
Batting: LHB Ricardo Pagan
|
0-0: Called Strike 0-1: Called Strike 0-2: Ground out 4-3 (Groundball, 4, EV 101.2 MPH)
|
Batting: RHB Micah Brown
|
0-0: Called Strike 0-1: Foul Ball, location: 2F 0-2: Ball 1-2: Fly out, F8 (Flyball, 89M, EV 91.9 MPH)
|
Batting: RHB Jeremy Hoffert
|
0-0: Called Strike 0-1: Ball 1-1: Ball 2-1: Ball 3-1: Foul Ball, location: 2F 3-2: Base on Balls
|
Batting: LHB Edgar Castillo
|
0-0: Ball Jeremy Hoffert is caught stealing 2nd base 2-6
|
Bottom of the 8th over - 0 runs, 0 hits, 0 errors, 0 left on base; Durham 0 - Charlotte 2 |
TOP OF THE 9TH |
Durham Bulls batting - Pitching for Charlotte Knights : LHP Carlos Toledo
|
Pitching: LHP Steven Wolf
|
|
Batting: RHB Jose Arriola
|
0-0: Called Strike 0-1: Called Strike 0-2: Strikes out swinging
|
Batting: RHB Sesto Carpini
|
0-0: Ball 1-0: Called Strike 1-1: Ball 2-1: Ground out 6-3 (Groundball, 6, EV 90.6 MPH)
|
Batting: RHB Antonio Pacheco
|
0-0: Swinging Strike 0-1: Ball 1-1: Ball 2-1: Ball 3-1: Ground out 6-3 (Groundball, 6, EV 88.1 MPH)
|
Top of the 9th over - 0 runs, 0 hits, 0 errors, 0 left on base; Durham 0 - Charlotte 2 |
|